AoeStats
← Julianspinto

Hideout

510244924Analyzed
1v1 RM · 3d ago on Sep 30, 2026· 70m 2s· 2 players
Game mode
Random Map
Map size
Tiny (2 player)
Population
200
Speed
Normal
Resources
Standard
Victory
Conquest
Starting age
Dark Age
Ending age
Imperial Age
RankedLock teamsTeams togetherTeam positionsShared explorationLock speedFull tech treeHidden civsTurbo modeCheats
Victory
Defeat
🇺🇸 Sicilians · United States
671
+5
🇪🇸 Persians · Spain
368
-5
Julianspinto
10:43 Feudal Age
11:58 Wheelbarrow
13:17 Horse Collar
13:35 Double-Bit Axe
16:38 Man-at-Arms
22:31 Castle Age
23:21 Long Swordsman
23:47 Gambesons
24:03 Squires
23:24 Pikeman
25:08 Bow Saw
26:32 Stone Mining
27:37 Hand Cart
27:43 Scale Barding Armor
28:14 Town Watch
28:16 Loom
30:34 Stone Shaft Mining
29:51 Gold Mining
32:00 Heavy Plow
33:50 Kamandaran
38:25 Imperial Age
37:29 Chain Barding Armor
37:10 Scale Mail Armor
37:20 Forging
37:51 Town Patrol
38:39 Crossbowman
39:26 Thumb Ring
39:18 Fletching
39:29 Padded Archer Armor
41:11 Elite War Elephant
42:13 Citadels
47:47 Plate Barding Armor
47:28 Chain Mail Armor
47:49 Iron Casting
47:10 Bodkin Arrow
47:30 Leather Archer Armor
52:34 Devotion
EasyOnTheFleece
11:21 Feudal Age
9:39 Loom
11:25 Feudal Age
12:20 Horse Collar
13:22 Double-Bit Axe
18:53 Gold Mining
19:07 Scale Mail Armor
19:18 Forging
20:37 Arson
23:17 Castle Age
21:59 Stone Mining
21:46 Man-at-Arms
25:18 Wheelbarrow
25:13 Heavy Plow
26:39 Town Watch
27:11 Hand Cart
27:39 Crossbowman
28:23 Squires
28:44 Fervor
28:59 Ballistics
29:41 Stone Shaft Mining
29:15 Gambesons
30:25 Masonry
32:19 Gold Shaft Mining
35:58 Imperial Age
33:54 Murder Holes
35:00 Fletching
35:26 Chain Mail Armor
36:51 Bow Saw
37:14 Crop Rotation
37:31 Town Patrol
37:46 Bloodlines
37:36 Husbandry
37:01 Long Swordsman
37:11 Elite Skirmisher
39:18 Arrowslits
40:40 Chemistry
39:43 Pikeman
42:28 Sanctity
42:10 Devotion
42:37 Illumination
43:16 Arrowslits
43:25 Two-Handed Swordsman
44:30 Conscription
44:00 Capped Ram
44:47 Cavalier
45:40 Scale Barding Armor
45:31 Bodkin Arrow
46:49 Chain Barding Armor
46:31 Padded Archer Armor
47:20 Plate Mail Armor
46:56 Arbalester
48:11 Siege Engineers
48:40 Halberdier
53:47 Hoardings
54:59 Hauberk
55:06 Hauberk
57:55 Leather Archer Armor
57:41 Bracer
58:21 Plate Barding Armor
58:21 Iron Casting
59:33 Elite Serjeant
61:42 Blast Furnace
61:58 Onager
63:46 First Crusade
Connection lost

Rejoining the realm…

Still unreachable

The connection could not be restored.

Session expired

The server has moved on; the page needs a fresh start.